 Dungeon Crawl Stone Soup version 0.29.1-2-gbd0b4ee654 (webtiles) character file.

Game seed: 561161143481237534

1027 Tirrikindir the Slasher (level 8, 0/54 HPs)
             Began as an Octopode Fighter on Oct 28, 2022.
             Was a Priest of Lugonu.
             Slain by Edmund
             ... wielding a +2 vorpal flail
              (11 damage)
             ... on level 5 of the Dungeon.
             The game lasted 00:09:34 (4634 turns).

Tirrikindir the Slasher (Octopode Fighter)          Turns: 4634, Time: 00:09:35

Health: 0/54       AC:  3    Str: 15    XL:     8   Next: 23%
Magic:  10/10      EV: 14    Int: 10    God:    Lugonu [***...]
Gold:   104        SH:  5    Dex: 14    Spells: 7/7 levels left

rFire   . . .      SeeInvis +   a - +0 long sword (venom)
rCold   . . .      Faith    .   b - +0 buckler
rNeg    . . .      Spirit   .   (helmet restricted)
rPois   +          Reflect  .   o - amulet of the acrobat
rElec   .          Harm     .   e - ring of see invisible
rCorr   .          Rampage  .   m - ring of poison resistance
Will    .....                   (no ring)
Stlth   ++++......              (no ring)
HPRegen 0.18/turn               (no ring)
MPRegen 0.12/turn               (no ring)
                                (no ring)
                                (no ring)

@: lethally poisoned (0 -> -15)
A: almost no armour, amphibious, 8 rings, camouflage 1, gelatinous body 1,
(nimble swimmer 1), tentacles, antennae 1, iridescent scales 1, screaming 1,
MP-powered wands
a: Renounce Religion, Depart the Abyss, Bend Space, Banish


You were on level 5 of the Dungeon.
You worshipped Lugonu.
Lugonu was most pleased with you.
You visited 1 branch of the dungeon, and saw 5 of its levels.

You collected 174 gold pieces.
You spent 70 gold pieces at shops.

Inventory:

Hand Weapons
 a - a +0 long sword of venom (weapon)
Missiles
 g - 16 poisoned darts (quivered)
Armour
 b - a +0 buckler (worn)
Jewellery
 e - a ring of see invisible (left tentacle)
 m - a ring of poison resistance (right tentacle)
 o - an amulet of the acrobat (around mantle)
Wands
 q - a wand of mindburst (20)
Scrolls
 c - a scroll of poison
 j - 2 scrolls of brand weapon
 n - a scroll of vulnerability {unknown}
 s - a scroll of amnesia
Potions
 d - 5 potions of curing
 f - 3 potions of magic
 h - a potion of heal wounds
 i - 2 potions of resistance {unknown}
 k - a potion of attraction {unknown}
 l - a potion of degeneration {unknown}
 p - a potion of invisibility {unknown}
 r - a potion of might
 t - a potion of lignification {unknown}
 u - a potion of berserk rage


   Skills:
 - Level 4.0 Fighting
 * Level 5.4 Long Blades
 - Level 4.0 Dodging
 + Level 5.3 Stealth
 - Level 4.0 Shields
 + Level 3.8 Invocations
 - Level 3.0 Evocations


You had 7 spell levels left.
You didn't know any spells.
Your spell library contained the following spells:

 Spells                   Type           Power      Damage    Failure   Level
 Portal Projectile        Hex/Tloc       0%         N/A       82%         3
 Tukima's Dance           Hex            0%         N/A       82%         3
 Blade Hands              Tmut           0%         N/A       100%        5


Dungeon Overview and Level Annotations

Branches:
Dungeon (5/15)
 Temple: D:4-7

Altars:
Hepliaklqana
Zin
Lugonu

Shops:
D:4 !

Annotations:
D:5 Edmund


Innate Abilities, Weirdness & Mutations

You cannot wear most types of armour.
You are amphibious.
You can wear up to eight rings at the same time.
Your skin changes colour to match your surroundings (Stealth+).
Your rubbery body absorbs attacks. (AC +1, EV +1)
((You are camouflaged when in or above water. (Stealth+)))
You have tentacles for arms and can constrict up to eight enemies at once.
You have a pair of small antennae on your head.
You are partially covered in iridescent scales. (AC +2)
You occasionally shout uncontrollably at your foes.
You expend magic power (3 MP) to strengthen your wands.


Message History

Found a scroll labelled OWAULABOMEK.
Found a ring mail.
n - a scroll labelled OWAULABOMEK Edmund the Younger comes into view.
He is wielding a +2 vorpal flail.
Found a scroll labelled DIFACW ULOA.
A scorpion and an orc come into view.
Found 10 gold pieces.
The helpless Edmund fails to defend himself.
You hit Edmund but do no damage.
Edmund is poisoned.
Your grab misses Edmund. Edmund hits you with a +2 vorpal flail.
You closely miss Edmund. You grab Edmund.
Edmund is lightly wounded.
You constrict Edmund. You block Edmund's attack. Edmund closely misses you.
You hit Edmund.
Edmund looks as sick as possible!
Edmund is moderately wounded.
You constrict Edmund. You block Edmund's attack.
You hit Edmund but do no damage.
Edmund looks as sick as possible!
Edmund is heavily wounded.
You constrict Edmund, but do no damage. Edmund hits you with a +2 vorpal flail!
The scorpion stings you.
You are poisoned.
The scorpion poisons you!
You hit Edmund.
Edmund looks as sick as possible!
Edmund is severely wounded.
You constrict Edmund.
You feel very sick. Edmund barely misses you. The scorpion stings you.
You hit the scorpion but do no damage.
The scorpion is poisoned.
You grab the scorpion. You squeeze the scorpion.
The scorpion is moderately wounded.
You constrict Edmund, but do no damage.
You constrict the scorpion, but do no damage.
You feel very sick.
The orc shouts!
The scorpion stings you.
* * * LOW HITPOINT WARNING * * *
You are lethally poisoned!
The scorpion poisons you! Edmund completely misses you.
You block the scorpion's attack. Edmund hits you with a +2 vorpal flail!
You die...

##.#.. ... .... ....
..... ... ... ....
..#.. .. #?. ..o.#
#...# ..#.. ..#.#
####.#.. .# #
.#.#.....$ #.......
...#. ..#.....#
#.##....
......#@s......
#.##..#.
..#...@#########.##..#.
#....................#.
####...[..######.###.##
#...##....##..#.....
#########..#.##.#.#.
...##.#.## #....#...
####..### .#. #


You could see Edmund (extremely poisoned), a scorpion (very poisoned) and an
orc.

Vanquished Creatures
  Pikel (D:4)
  Duvessa (D:4)
  An ice beast (D:5)
  A lemure (D:4)
  A scorpion (D:4)
  Dowan (D:4)
  Crazy Yiuf (D:2)
  An orc priest (D:4)
  2 hounds (D:4)
  An orc wizard (D:4)
  Robin (D:2)
  6 adders
  7 worms
  4 orcs (D:4)
  7 ball pythons
  8 endoplasms
  2 giant cockroaches
  6 hobgoblins
  4 quokkas
  5 bats
  3 frilled lizards (D:2)
  13 goblins
  7 kobolds
  5 rats
89 creatures vanquished.

Notes
Turn   | Place    | Note
-------+----------+-------------------------------------------
     0 | D:1      | Tirrikindir the Octopode Fighter began the quest for the
                  | Orb.
     0 | D:1      | Reached XP level 1. HP: 16/16 MP: 1/1
    74 | D:1      | Reached XP level 2. HP: 20/21 MP: 2/2
   186 | D:1      | Reached skill level 1 in Stealth
   458 | D:1      | Found a faded altar of an unknown god.
   463 | D:1      | Prayed at the altar of an unknown god.
   463 | D:1      | Became a worshipper of Lugonu the Unformed
   463 | D:1      | Reached * piety under Lugonu
   463 | D:1      | Reached ** piety under Lugonu
  1238 | D:2      | Reached XP level 3. HP: 26/26 MP: 3/3
  1423 | D:2      | Noticed Robin
  1434 | D:2      | Reached XP level 4. HP: 16/31 MP: 4/4
  1443 | D:2      | Killed Robin
  1741 | D:2      | Found a hazy altar of Hepliaklqana.
  1869 | D:2      | Found a runed translucent door.
  1870 | D:2      | Noticed Crazy Yiuf
  1877 | D:2      | Killed Crazy Yiuf
  1878 | D:2      | Reached skill level 1 in Invocations
  1878 | D:2      | Reached XP level 5. HP: 17/36 MP: 0/5
  2502 | D:2      | Reached *** piety under Lugonu
  2726 | D:3      | Identified the +3 helmet of Nurph {-Tele Rampage rN+ Int+4}
  3275 | D:4      | Noticed a lemure
  3278 | D:4      | Noticed Pikel
  3281 | D:4      | Killed a lemure
  3283 | D:4      | Noticed a lemure
  3286 | D:4      | Noticed a lemure
  3287 | D:4      | Noticed a lemure
  3288 | D:4      | Killed Pikel
  3289 | D:4      | Reached skill level 1 in Evocations
  3289 | D:4      | Reached XP level 6. HP: 20/43 MP: 6/8
  3289 | D:4      | Reached XP level 7. HP: 22/48 MP: 6/9
  3596 | D:4      | Found a glowing silver altar of Zin.
  3605 | D:4      | Gained mutation: You expend magic power (3 MP) to
                  | strengthen your wands. [potion of mutation]
  3605 | D:4      | Gained mutation: You occasionally shout uncontrollably at
                  | your foes. [potion of mutation]
  3605 | D:4      | Gained mutation: You are partially covered in iridescent
                  | scales. (AC +2) [potion of mutation]
  3605 | D:4      | Gained mutation: You have a pair of small antennae on your
                  | head. [potion of mutation]
  3800 | D:4      | Found Locet's Distillery.
  3808 | D:4      | Bought a potion of berserk rage for 70 gold pieces
  4317 | D:4      | Noticed Dowan
  4320 | D:4      | Noticed Duvessa
  4328 | D:4      | Killed Duvessa
  4329 | D:4      | Reached skill level 5 in Long Blades
  4331 | D:4      | Killed Dowan
  4332 | D:4      | Reached XP level 8. HP: 25/54 MP: 10/10
  4509 | D:4      | Reached skill level 5 in Stealth
  4541 | D:5      | Entered Level 5 of the Dungeon
  4626 | D:5      | Noticed Edmund
  4634 | D:5      | Slain by Edmund

Illustrated notes

Levels and vault maps discovered:
D:1:      erik_arrival_cave_to_civilisation [erik_arrival_cave_to_hall],
          layout_rooms, serial_co_window_serial, co_window_of_opportunity_a,
          co_window_corner_a, co_window_paths_a, co_window_paths_b,
          co_window_paths_a, co_window_corner_ca, co_window_broadway_a,
          co_window_corner_b, co_window_of_opportunity_b, co_window_broadway_a,
          co_window_of_opportunity_c, glass_columns_a, glass_columns_a,
          glass_columns_a, glass_columns_b,
          hellmonk_ecumenical_altar_leap_of_faith, st_stairs_4, moated_statue
D:2:      minmay_spotlight, layout_loops_corners, basic_altar,
          uniq_crazy_yiuf_cottage, uniq_robin
D:3:      layout_loops_cross, columned_hall_lemuel
D:4:      layout_loops_cross, mainiacjoe_overflow_catwalk, serial_shops,
          nicolae_shop_statue_plus, nicolae_wormholes, uniq_pikel, uniq_duvessa
D:5:      layout_basic, kennysheep_mini, gammafunk_ghost_cemetery,
          portal_sewer_entry_f, uniq_grinder, uniq_edmund

Skill      XL: |  1  2  3  4  5  6  7  8 |
---------------+-------------------------+-----
Stealth        | 1 2 4 5 |  5.3
Long Blades    | 3 4 5 |  5.4
Invocations    | 1 2 3 |  3.8
Fighting       | 4 |  4.0
Dodging        | 4 |  4.0
Shields        | 4 |  4.0
Evocations     | 1 2 3 |  3.0

Action                   |  1- 3 |  4- 6 |  7- 9 || total
-------------------------+-------+-------+-------++-------
Melee: Long sword        |    44 |    77 |    58 ||   179
       Constrict         |     9 |    16 |    18 ||    43
       Tentacles         |     8 |    14 |    13 ||    35
Throw: Dart              |       |     1 |     1 ||     2
  Use: Scroll            |     2 |     3 |     4 ||     9
       Potion            |     1 |     4 |     1 ||     6
 Stab: Sleeping          |     6 |     8 |     7 ||    21
       Distracted        |       |     1 |       ||     1
Armor: Skin              |     5 |     2 |     7 ||    14
Dodge: Dodged            |    18 |    39 |    23 ||    80
Block: Buckler           |     6 |    19 |    10 ||    35
